 Dungeon Crawl Stone Soup version 0.21.0 (webtiles) character file.

390 letownia2 the Ruffian (level 6, -1/32 HPs)
             Began as a Vine Stalker Fighter on Jan 7, 2018.
             Slain by Edmund
             ... wielding a +7 flail of protection
              (2 damage)
             ... on level 5 of the Dungeon.
             The game lasted 00:05:06 (1708 turns).

letownia2 the Ruffian (Vine Stalker Fighter)        Turns: 1708, Time: 00:05:07

Health: -1/32      AC:  9    Str: 19    XL:     6   Next: 80%
Magic:  0/7        EV:  9    Int: 10    God:
Gold:   142        SH:  0    Dex: 13    Spells: 5/5 levels left

rFire    . . .     SeeInvis .     - Unarmed
rCold    . . .     Gourm    .   (no shield)
rNeg     . . .     Faith    .   a - +0 scale mail
rPois    .         Spirit   +   (no helmet)
rElec    .         Reflect  .   f - +1 cloak
rCorr    .         Harm     .   n - +0 pair of gloves
MR       .....                  (no boots)
Stlth    ..........             (no amulet)
HPRegen  0.50/turn              (no ring)
MPRegen  0.10/turn              (no ring)

@: no status effects
A: fangs 2, regeneration 1, magic shield, antimagic bite, no potion heal 3, rot
immunity
a: no special abilities


You were on level 5 of the Dungeon.
You were not hungry.

You visited 1 branch of the dungeon, and saw 5 of its levels.

You collected 142 gold pieces.

Inventory:

Hand Weapons
 p - a +2 dagger of holy wrath
 s - a +0 shortbow
Missiles
 t - 28 arrows
Armour
 a - a +0 scale mail (worn)
 b - a +0 shield
 f - a +1 cloak (worn)
 n - a +0 pair of gloves (worn)
 o - a +2 leather armour of positive energy
Scrolls
 e - a scroll of fear {unknown}
 j - 3 scrolls of identify {unknown}
 k - a scroll of enchant armour {unknown}
 l - 2 scrolls of teleportation {unknown}
 m - a scroll of remove curse {unknown}
Potions
 c - a potion of might
 g - 2 potions of cancellation {unknown}
 i - a potion of invisibility {unknown}
 q - a potion of curing {unknown}
 r - a potion of agility {unknown}
Comestibles
 d - 8 rations
 h - 5 chunks of flesh


   Skills:
 + Level 2.6 Fighting
 - Level 2.4 Armour
 - Level 2.6 Shields
 + Level 7.0 Unarmed Combat
 + Level 0.0 Spellcasting


You had 5 spell levels left.
You didn't know any spells.

Dungeon Overview and Level Annotations

Branches:
Dungeon (5/15)
 Temple: D:4-7

Altars:
Dithmenos

Annotations:
D:5 Duvessa, Edmund


Innate Abilities, Weirdness & Mutations

You have extremely sharp teeth.
Your natural rate of healing is unusually fast.
When hurt, damage is shared between your health and your magic reserves.
Your bite disrupts and absorbs the magic of your enemies.
Potions cannot restore your health.
You are immune to rotting.


Message History

Unknown command.
Unknown command.
Unknown command.
Unknown command.
You closely miss Edmund. You bite Edmund, but do no damage.
Edmund is almost dead.
Edmund hits you with a flail of protection!
Your scale mail prevents you from hitting Edmund.
Edmund is almost dead.
Unknown command.
You hit Edmund but do no damage. You bite Edmund. You drain his power.
You feel invigorated.
Edmund is almost dead.
Edmund hits you with a flail of protection!
* * * LOW HITPOINT WARNING * * *
Your scale mail prevents you from hitting Edmund.
You bite Edmund, but do no damage.
Edmund is almost dead.
Edmund hits you with a flail of protection.
You die...

.#...@.#.......#.........
..........._...#.........
.......#.......#.......#
.......##.....##.......#
#...######...###......##
#..## #<######..รท....#
#..## #..####........###..
....####........@#........#
.....##.........@##..####.
........###......#..##
#..####.# ##.......## #.##
##.# #.....#.# ### #..#
#.#...###.# #####.....##
#.# ####### #.# ##


You could see Edmund.

Vanquished Creatures
  A centaur (D:5)
  A crimson imp (D:5)
  2 hounds
  A bullfrog skeleton (D:4)
  A centaur skeleton (D:4)
  An orc wizard (D:4)
  A worker ant (D:5)
  A hound skeleton (D:4)
  A worker ant zombie (D:5)
  3 adders
  A shadow imp (D:5)
  2 oozes (D:4)
  6 orcs
  A ball python (D:3)
  4 giant cockroaches
  2 hobgoblins
  2 jackals (D:5)
  4 quokkas
  A bat (D:3)
  2 frilled lizards (D:4)
  3 kobolds
  4 rats
45 creatures vanquished.

Notes
Turn   | Place    | Note
-------+----------+-------------------------------------------
     0 | D:1      | letownia2 the Vine Stalker Fighter began the quest for the Orb.
     0 | D:1      | Reached XP level 1. HP: 11/11 MP: 2/2
   105 | D:1      | You fall through a shaft!
   219 | D:2      | Reached XP level 2. HP: 16/16 MP: 3/3
   266 | D:3      | Reached skill level 3 in Unarmed Combat
   352 | D:3      | Reached XP level 3. HP: 19/19 MP: 4/4
   515 | D:4      | Reached skill level 4 in Unarmed Combat
   626 | D:4      | Gained mutation: Your natural rate of healing is unusually fast. [Vine Stalker growth]
   626 | D:4      | Reached XP level 4. HP: 11/23 MP: 5/5
   901 | D:4      | Reached skill level 5 in Unarmed Combat
   915 | D:4      | Reached XP level 5. HP: 27/27 MP: 6/6
  1372 | D:5      | Entered Level 5 of the Dungeon
  1372 | D:5      | Noticed a centaur
  1385 | D:5      | Killed a centaur
  1385 | D:5      | Reached skill level 6 in Unarmed Combat
  1385 | D:5      | Reached XP level 6. HP: 10/32 MP: 5/7
  1466 | D:5      | Noticed Duvessa
  1466 | D:5      | Noticed Edmund
  1562 | D:5      | Reached skill level 7 in Unarmed Combat
  1588 | D:5      | Found a shadowy altar of Dithmenos.
  1707 | D:5      | HP: 1/32 [Edmund/flail of protection (13)]
  1708 | D:5      | Slain by Edmund

Skill      XL: |  1  2  3  4  5  6 |
---------------+-------------------+-----
Unarmed Combat | 3 4 5 6 7 |  7.0
Fighting       | |  2.6
Armour         | |  2.4
Shields        | |  2.6

Action                   |  1- 3 |  4- 6 || total
-------------------------+-------+-------++-------
Melee: Unarmed           |    98 |   154 ||   252
       Bite              |    24 |    48 ||    72
       Punch             |     1 |     4 ||     5
  Eat: Chunk             |       |     3 ||     3
Armor: Scale mail        |    55 |    55 ||   110
Dodge: Dodged            |    46 |    46 ||    92
